 Dungeon Crawl Stone Soup version 0.22-a0-305-gd21a89c (webtiles) character file.

353 Firecrotchwizard the Chopper (level 6, -2/57 HPs)
             Began as a Deep Dwarf Fighter on Mar 29, 2018.
             Killed by Freeze
             ... invoked by dinky's ghost
              (3 damage)
             ... on level 4 of the Dungeon.
             The game lasted 00:08:01 (2272 turns).

Firecrotchwizard the Chopper (Deep Dwarf Fighter)   Turns: 2272, Time: 00:08:01

Health: -2/57      AC:  9    Str: 21    XL:     6   Next: 35%
Magic:  4/4        EV:  5    Int:  8    God:
Gold:   206        SH: 10    Dex: 13    Spells: 5/5 levels left

rFire    . . .     SeeInvis .   a - +0 war axe
rCold    . . .     Gourm    .   c - +0 shield
rNeg     . . .     Faith    .   j - +0 chain mail
rPois    .         Spirit   .   (no helmet)
rElec    .         Reflect  .   (no cloak)
rCorr    .         Harm     .   (no gloves)
MR       .....                  (no boots)
Stlth    ..........             (no amulet)
HPRegen  0.00/turn              (no ring)
MPRegen  0.09/turn              (no ring)

@: non-regenerating
A: damage resistance, heal wounds, sense surroundings 1, no regeneration
a: Heal Wounds


You were on level 4 of the Dungeon.
You were not hungry.

You visited 1 branch of the dungeon, and saw 4 of its levels.

You collected 206 gold pieces.

Inventory:

Hand Weapons
 a - a +0 war axe (weapon)
 e - a +0 dagger of venom
   (You found it on level 1 of the Dungeon)
Armour
 b - a +0 scale mail
 c - a +0 shield (worn)
 j - a +0 chain mail (worn)
   (You found it on level 1 of the Dungeon)
 v - a +3 scale mail of fire resistance
   (You found it on level 4 of the Dungeon)
Jewellery
 h - an uncursed ring of protection from fire {unknown}
   (You found it on level 1 of the Dungeon)
Wands
 p - a wand of acid (3)
   (You found it on level 2 of the Dungeon)
Scrolls
 i - 4 scrolls of identify {unknown}
 k - 2 scrolls of enchant armour {unknown}
 l - a scroll of magic mapping {unknown}
 m - 4 scrolls of immolation {unknown}
 n - a scroll of enchant weapon {unknown}
 o - a scroll of teleportation {unknown}
 r - a scroll of amnesia {unknown}
 s - a scroll of fog {unknown}
 u - a scroll of blinking {unknown}
Potions
 d - 3 potions of might
 q - 2 potions of curing
 t - a potion of mutation {unknown}
Comestibles
 f - 4 rations {@e1}


   Skills:
 + Level 3.9 Fighting
 * Level 5.5 Axes
 - Level 3.2 Armour
 + Level 4.8 Shields


You had 5 spell levels left.
You didn't know any spells.

Dungeon Overview and Level Annotations

Branches:
Dungeon (4/15)
 Temple: D:4-7

Altars:
Sif Muna

Annotations:
D:4 Eustachio; dinky's ghost, amateur DrIE


Innate Abilities, Weirdness & Mutations

You are resistant to damage.
You can heal yourself by infusing magical energy.
You passively map a small area around you.
You do not regenerate.


Message History

You hit dinky's ghost. You block dinky's ghost's attack.
You hit dinky's ghost but do no damage. You block dinky's ghost's attack.
You hit dinky's ghost but do no damage. Dinky's ghost hits you.
You closely miss dinky's ghost.
Dinky's ghost points at you and mumbles some strange words.
You are frozen.
Dinky's ghost casts a spell at you.
You are frozen.
You take 7 damage, and have 29/57 hp.
You barely miss dinky's ghost.
Dinky's ghost hits you but does no damage.
You hit dinky's ghost but do no damage.
Dinky's ghost gestures at you while chanting.
You are frozen.
You take 6 damage, and have 23/57 hp.
You closely miss dinky's ghost. Dinky's ghost hits you.
You hit dinky's ghost. Dinky's ghost hits you. x2
* * * LOW HITPOINT WARNING * * *
You take 7 damage, and have 16/57 hp.
You hit dinky's ghost but do no damage.
Dinky's ghost gestures at you while chanting.
You are frozen.
* * * LOW HITPOINT WARNING * * *
You take 2 damage, and have 14/57 hp.
You completely miss dinky's ghost. You block dinky's ghost's attack.
You hit dinky's ghost.
Dinky's ghost gestures at you while chanting.
You are frozen.
* * * LOW HITPOINT WARNING * * *
All of the chunks of flesh in your inventory have rotted away.
You take 12 damage, and have 2/57 hp.
MASSIVE DAMAGE!!
You closely miss dinky's ghost.
Dinky's ghost hits you but does no damage.
You block dinky's ghost's attack.
Your magical essence is drained by the effort!
You feel much better. Dinky's ghost hits you.
You regained 26 hp, and now have 28/57 hp.
You now have 4/4 mp.
You slash dinky's ghost!
Dinky's ghost hits you but does no damage.
Your shield and chain mail prevent you from hitting dinky's ghost.
You block dinky's ghost's attack.
You barely miss dinky's ghost.
Dinky's ghost hits you but does no damage.
You hit dinky's ghost but do no damage.
Dinky's ghost hits you but does no damage.
You barely miss dinky's ghost. Dinky's ghost casts a spell at you.
You are frozen.
Dinky's ghost hits you but does no damage.
You take 7 damage, and have 21/57 hp.
Your shield and chain mail prevent you from hitting dinky's ghost.
Dinky's ghost hits you but does no damage.
You hit dinky's ghost. Dinky's ghost casts a spell at you.
You are frozen.
* * * LOW HITPOINT WARNING * * *
You take 5 damage, and have 16/57 hp.
You feel much better. You block dinky's ghost's attack.
You regained 19 hp, and now have 35/57 hp.
You hit dinky's ghost. You block dinky's ghost's attack.
Dinky's ghost hits you.
You closely miss dinky's ghost. You block dinky's ghost's attack.
You slash dinky's ghost!
Dinky's ghost gestures at you while chanting.
You are frozen.
You take 3 damage, and have 32/57 hp.
You hit dinky's ghost but do no damage. You block dinky's ghost's attack.
You slash dinky's ghost! Dinky's ghost hits you.
Dinky's ghost points at you and mumbles some strange words.
You are frozen.
You take 9 damage, and have 23/57 hp.
You hit dinky's ghost.
Dinky's ghost gestures at you while chanting.
You are frozen.
You take 4 damage, and have 19/57 hp.
You barely miss dinky's ghost. Dinky's ghost casts a spell at you.
You are frozen.
* * * LOW HITPOINT WARNING * * *
You take 8 damage, and have 11/57 hp.
You closely miss dinky's ghost. Dinky's ghost barely misses you.
Dinky's ghost hits you but does no damage.
You fail to use your ability.
You block dinky's ghost's attack.
You closely miss dinky's ghost.
Dinky's ghost points at you and mumbles some strange words.
You are frozen.
* * * LOW HITPOINT WARNING * * *
You take 7 damage, and have 4/57 hp.
You hit dinky's ghost. Dinky's ghost hits you.
* * * LOW HITPOINT WARNING * * *
You take 1 damage, and have 3/57 hp.
You hit dinky's ghost. Dinky's ghost completely misses you.
You closely miss dinky's ghost. Dinky's ghost hits you.
* * * LOW HITPOINT WARNING * * *
Dinky's ghost casts a spell at you.
You are frozen.
You die...

, ,, * ...
,....# , ,
.....+ ,, * *
###########....#
...............#
,
##.......##...##
#...............
#.......@.......
*
##......W.......
* ,
#...........[##
, #.......##...#
..##.......#
....#
...........#
,..##
..##.......# ..#
#* #.....)..#
..# ,
*#....?..## ,


You could see dinky's ghost.

Vanquished Creatures
  A hound (D:4)
  An orc priest (D:3)
  An orc wizard (D:3)
  Natasha (thrice) (D:2)
  2 worker ants (D:4)
  3 gnolls (D:4)
  3 adders
  An ooze (D:1)
  3 worms
  2 dart slugs
  A leopard gecko (D:1)
  9 orcs (D:3)
  3 giant cockroaches
  3 goblins
  5 hobgoblins
  9 jackals
  2 quokkas
  2 bats
  2 frilled lizards
  6 kobolds
  A quokka skeleton (D:4)
  9 rats
72 creatures vanquished.

Notes
Turn   | Place    | Note
-------+----------+-------------------------------------------
     0 | D:1      | Firecrotchwizard the Deep Dwarf Fighter began the quest for the Orb.
     0 | D:1      | Reached XP level 1. HP: 20/20 MP: 1/1
   115 | D:1      | Reached XP level 2. HP: 22/27 MP: 2/2
   315 | D:1      | Reached skill level 3 in Axes
   648 | D:2      | Reached skill level 3 in Fighting
   811 | D:2      | Reached XP level 3. HP: 33/34 MP: 3/3
   974 | D:2      | Noticed Natasha
   989 | D:2      | Killed Natasha
  1038 | D:2      | Noticed Natasha
  1042 | D:2      | Killed Natasha
  1042 | D:2      | Reached skill level 4 in Shields
  1042 | D:2      | Reached XP level 4. HP: 42/42 MP: 4/4
  1115 | D:2      | Noticed Natasha
  1126 | D:2      | Killed Natasha
  1126 | D:2      | Reached skill level 4 in Axes
  1148 | D:2      | You fall through a shaft for 2 floors!
  1176 | D:4      | Noticed a phantom
  1294 | D:2      | Found a deep blue altar of Sif Muna.
  1502 | D:3      | Reached XP level 5. HP: 38/49 MP: 5/5
  1779 | D:3      | Reached skill level 5 in Axes
  1936 | D:4      | Reached XP level 6. HP: 48/57 MP: 5/5
  2038 | D:4      | Noticed Eustachio
  2063 | D:4      | Noticed dinky's ghost (amateur DrIE)
  2247 | D:4      | HP: 14/57 [dinky's ghost/Freeze (2)]
  2249 | D:4      | HP: 2/57 [dinky's ghost/Freeze (12)]
  2266 | D:4      | HP: 11/57 [dinky's ghost/Freeze (8)]
  2269 | D:4      | HP: 4/57 [dinky's ghost/Freeze (7)]
  2272 | D:4      | HP: 1/57 [dinky's ghost (2)]
  2272 | D:4      | Killed from afar by dinky's ghost

Vault maps used:
D:1:      dpeg_arrival_houses_and_road
D:2:      nicolae_overflow_crystal_walls, uniq_natasha
D:3:      minmay_misc_feat_room, grunt_ministairs_14
D:4:      minmay_temple_entry_nine_rooms, uniq_eustachio, uniq_ijyb, uniq_edmund

Skill      XL: |  1  2  3  4  5 |
---------------+----------------+-----
Axes           | 3 4 5 |  5.5
Fighting       | 3 |  3.9
Shields        | 4 |  4.8
Armour         | |  3.2

Action                   |  1- 3 |  4- 6 || total
-------------------------+-------+-------++-------
Melee: War axe           |    86 |   209 ||   295
 Abil: Heal Wounds       |     2 |     6 ||     8
Evoke: Wand              |     1 |     3 ||     4
  Eat: Chunk             |     1 |     4 ||     5
Armor: Scale mail        |    11 |       ||    11
       Chain mail        |    17 |   136 ||   153
Dodge: Dodged            |    17 |    45 ||    62
Block: Shield            |    32 |   144 ||   176

Table legend:
 A = Spawn XP
 B = Non-spawn XP
 C = Spawn XP percentage of total XP
 D = Spawn monster count
 E = Non-spawn monster count
 F = Spawn count percentage of total count
 G = Total turns spent on level
                    A         B        C        D         E        F      G
               +---------+---------+-------+---------+---------+-------+---------
         Total |       0 |     505 |   0.0 |       0 |      72 |   0.0 |  2272
               +---------+---------+-------+---------+---------+-------+---------
           D:1 |       0 |      31 |   0.0 |       0 |      14 |   0.0 |   640
           D:2 |       0 |     142 |   0.0 |       0 |      16 |   0.0 |   784
           D:3 |       0 |     156 |   0.0 |       0 |      30 |   0.0 |   595
           D:4 |       0 |     176 |   0.0 |       0 |      12 |   0.0 |   253
               +---------+---------+-------+---------+---------+-------+---------

Vault maps used:
D:1:      dpeg_arrival_houses_and_road
D:2:      nicolae_overflow_crystal_walls, uniq_natasha
D:3:      minmay_misc_feat_room, grunt_ministairs_14
D:4:      minmay_temple_entry_nine_rooms, uniq_eustachio, uniq_ijyb, uniq_edmund

Table legend:
 A = Turns spent in this place as a percentage of turns spent in the entire game.
 B = Non-inter-level travel turns spent in this place as a percentage of non-inter-level travel turns spent in the entire game.
 C = Inter-level travel turns spent in this place as a percentage of turns spent in this place.
 D = Turns resting spent in this place as a percentage of non-inter-level travel turns spent in this place.
 E = Turns spent auto-exploring this place as a percentage of non-inter-level travel turns spent in this place.
 F = Non-inter-level travel turns spent in this place divided by the number of levels of this place that you've seen.
                   A       B       C       D       E      F
               +-------+-------+-------+-------+-------+----------------------
         Total | 100.0 | 100.0 |   6.3 |   7.1 |  59.7 | 532.0
       Dungeon | 100.0 | 100.0 |   6.3 |   7.1 |  59.7 | 532.0
               +-------+-------+-------+-------+-------+----------------------

Table legend:
 A = Kills in this place as a percentage of kills in entire the game.
 B = Kills by you in this place as a percentage of kills by you in the entire game.
 C = Kills by friends in this place as a percentage of kills by friends in the entire game.
 D = Other kills in this place as a percentage of other kills in the entire game.
 E = Experience gained in this place as a percentage of experience gained in the entire game.
 F = Experience gained in this place divided by the number of levels of this place that you have seen.
                   A       B       C       D       E      F
               +-------+-------+-------+-------+-------+----------------------
         Total | 100.0 | 100.0 |   N/A |   N/A | 100.0 | 126.2
       Dungeon | 100.0 | 100.0 |   N/A |   N/A | 100.0 | 126.2
               +-------+-------+-------+-------+-------+----------------------
